 Dungeon Crawl Stone Soup version 0.31.0-11-ge490571c62 (webtiles) character file.

Game seed: 11981709660080407550

1898 qw the Skirmisher (level 8, -1/40 HPs)
             Began as a Spriggan Hunter on Feb 4, 2024.
             Slain by an orc
             ... wielding a +0 whip
              (6 damage)
             ... on level 6 of the Dungeon.
             The game lasted 00:00:17 (4294 turns).

qw the Skirmisher (Spriggan Hunter)                 Turns: 4294, Time: 00:00:17

Health: -1/40      AC:  4    Str:  4    XL:     8   Next: 93%
Magic:  9/9        EV: 23    Int: 15    God:
Gold:   191        SH:  0    Dex: 17    Spells: 7/7 levels left

rFire   . . .        f - +1 arbalest
rCold   . . .        (shield currently unavailable)
rNeg    . . .        c - +0 robe
rPois   .            (helmet restricted)
rElec   .            (no cloak)
rCorr   .            (gloves unavailable)
SInv    +            (boots unavailable)
Will    +....        b - amulet of the acrobat
Stlth   ++           (no ring)
HPRegen 0.26/turn    (no ring)
MPRegen 0.11/turn

%: acrobat
@: about to teleport, very quick
A: very small, no large weapons, unfitting armour, see invisible, speed 3,
iridescent scales 1, clever 1, clumsy 1, weak 1, no potion heal 1, persistent
drain
a: no special abilities


You were on level 6 of the Dungeon.
You visited 1 branch of the dungeon, and saw 6 of its levels.
You also visited: Sewer.

You collected 191 gold pieces.


Innate Abilities, Weirdness & Mutations

You are very small and have problems with some larger weapons.
You are too small for most types of armour.
You have supernaturally acute eyesight. (SInv)
You cover ground extremely quickly. (Speed+++)
You are partially covered in iridescent scales. (AC +2)
Your mind is acute. (Int +4, Str/Dex -1)
You are clumsy. (Dex -2)
You are weak. (Str -2)
Potions are less effective at restoring your health.
Your health recovers twice as slowly from being drained.


   Skills:
 - Level 3.0 Fighting
 - Level 10.0 Ranged Weapons
 + Level 8.9 Dodging
 - Level 1.5 Stealth


You had 7 spell levels left.
You didn't know any spells.
Your spell library was empty.

Inventory:

Hand Weapons
 f - a +1 arbalest (weapon)
Armour
 c - a +0 robe (worn)
Jewellery
 b - an amulet of the acrobat (around neck)
Scrolls
 g - 2 scrolls of teleportation
Potions
 a - a potion of cancellation
 e - a potion of enlightenment
 h - a potion of curing

Dungeon Overview and Level Annotations

Branches:
Dungeon (6/15)              Sewer (visited)
 Temple: D:4-7

Altars:
Ru
Zin

Shops:
D:3 [


Message History

The orc warrior is heavily wounded.
You shoot a bolt. The bolt hits the orc warrior.
The orc warrior is heavily wounded.
You shoot a bolt. The bolt hits the orc warrior!
You kill the orc warrior!
An orc comes into view. It is wielding a +0 whip.
You shoot a bolt.
The bolt hits the orc but does no damage.
An ice beast comes into view.
You shoot a bolt. The bolt hits the ice beast!
The ice beast is moderately wounded.
An orc comes into view. It is wielding a +0 hand axe.
The ice beast hits you but does no damage.
You shoot a bolt. The bolt barely misses the ice beast.
The ice beast hits you but does no damage.
You shoot a bolt. The bolt barely misses the ice beast.
The bolt hits the orc!
You kill the orc!
The ice beast completely misses you. The ice beast hits you.
The ice beast freezes you.
You shoot a bolt. The bolt barely misses the ice beast.
The ice beast hits you. The ice beast freezes you! The orc misses you.
You shoot a bolt. The bolt hits the ice beast!
The ice beast is almost dead.
The ice beast barely misses you. The orc completely misses you.
The orc misses you. The ice beast completely misses you.
You shoot a bolt. The bolt barely misses the ice beast.
The ice beast closely misses you. The orc completely misses you.
You shoot a bolt.
The bolt hits the ice beast but does no damage.
The ice beast is almost dead.
The ice beast hits you. The ice beast freezes you.
The orc hits you but does no damage.
4293 ||| READING 3 scrolls of teleportation.
As you read the scroll of teleportation, it crumbles to dust.
You feel strangely unstable. The ice beast barely misses you.
The orc hits you with a +0 whip.
You shoot a bolt. The bolt closely misses the ice beast.
The ice beast barely misses you. The orc misses you.
The ice beast completely misses you. The orc hits you with a +0 whip.
You die...

#..%#..........
###............
####.........
#.'.....^...
#.#.........
#.##+#######
#.# .#
#.##o######
#..@Y).....
#####.##### ..
... ... .. #


You could see an ice beast and an orc.

Vanquished Creatures
  A wraith (D:5)
  Menkaure (D:6)
  2 water moccasins (D:5)
  3 black bears
  An orc warrior (D:6)
  An ogre (D:5)
  2 phantoms
  A kobold brigand (D:4)
  2 bullfrogs (Sewer)
  2 jellies (D:4)
  An orc priest (D:3)
  A sleepcap (D:4)
  2 hounds (D:5)
  A gnoll bouda (D:5)
  An orc wizard (D:5)
  An iguana (D:6)
  7 gnolls
  4 river rats (D:4)
  11 adders
  A shadow imp (D:6)
  A white imp (D:4)
  2 ufetubi (D:5)
  13 dart slugs
  2 ribbon worms
  10 orcs
  14 ball pythons
  11 endoplasms
  3 giant cockroaches
  6 goblins
  7 hobgoblins
  3 quokkas
  8 bats
  20 frilled lizards
  4 kobolds
  12 rats
162 creatures vanquished.

Notes
Turn   | Place    | Note
-------+----------+-------------------------------------------
     0 | D:1      | qw the Spriggan Hunter began the quest for the Orb.
     0 | D:1      | Reached XP level 1. HP: 10/10 MP: 2/2
     0 | D:1      | 0 ||| qw: Version: 0.3-a-160-g6735b56
     0 | D:1      | 0 ||| qw: Game counter: 4848
     0 | D:1      | 0 ||| qw: Melee chars always use a shield: true
     0 | D:1      | 0 ||| qw: God list: Okawaru
     0 | D:1      | 0 ||| qw: Allow faded altars: false
     0 | D:1      | 0 ||| qw: Do Orc after clearing Dungeon:15 true
     0 | D:1      | 0 ||| qw: Do second Lair branch before Depths: true
     0 | D:1      | 0 ||| qw: Lair rune preference: random
     0 | D:1      | 0 ||| qw: Goals: Normal
     0 | D:1      | 0 ||| PLANNING D:1-11
    37 | D:1      | Reached skill level 3 in Dodging
   113 | D:1      | Reached XP level 2. HP: 14/14 MP: 3/3
   244 | D:1      | 244 ||| SWAPPING to +0 arbalest.
   245 | D:1      | 245 ||| DROPPING +0 shortbow.
   832 | D:1      | Reached XP level 3. HP: 18/18 MP: 4/4
   885 | D:1      | 885 ||| READING scroll labelled OFOUKA QOBLE.
   885 | D:1      | 885 ||| IDENTIFYING cyan potion
   886 | D:1      | 886 ||| READING scroll labelled DULONODUGA.
   889 | D:1      | 889 ||| READING 2 scrolls labelled CACAKU KUKHLU.
   890 | D:1      | 890 ||| DRINKING 2 fuming white potions.
   890 | D:1      | Gained mutation: Potions are less effective at restoring
                  | your health. [potion of mutation]
   890 | D:1      | Gained mutation: You are partially covered in iridescent
                  | scales. (AC +2) [potion of mutation]
   890 | D:1      | Gained mutation: You do not regenerate when monsters are
                  | visible. [potion of mutation]
   890 | D:1      | Gained mutation: Your flesh is cold resistant. (rC+)
                  | [potion of mutation]
   891 | D:1      | 891 ||| DRINKING potion of mutation.
   891 | D:1      | Lost mutation: Your flesh is cold resistant. (rC+) [potion
                  | of mutation]
   891 | D:1      | Lost mutation: You do not regenerate when monsters are
                  | visible. [potion of mutation]
   891 | D:1      | Lost mutation: Potions are less effective at restoring your
                  | health. [potion of mutation]
   891 | D:1      | Gained mutation: You are clumsy. (Dex -2) [potion of
                  | mutation]
   891 | D:1      | Gained mutation: Your mind is acute. (Int +4, Str/Dex -1)
                  | [potion of mutation]
   891 | D:1      | Gained mutation: You have hidden genetic defects. [potion
                  | of mutation]
   892 | D:1      | 892 ||| DROPPING scroll of butterflies.
   893 | D:1      | 893 ||| DROPPING scroll of amnesia.
   958 | D:2      | Gained mutation: Your health recovers twice as slowly from
                  | being drained. [hidden defects]
  1032 | D:2      | Gained mutation: You have terrible hidden genetic defects.
                  | [hidden defects]
  1032 | D:2      | Lost mutation: You have terrible hidden genetic defects.
                  | [hidden defects expressed]
  1047 | D:2      | Reached skill level 5 in Ranged Weapons
  1052 | D:2      | Gained mutation: Potions are less effective at restoring
                  | your health. [hidden defects]
  1134 | D:2      | Reached XP level 4. HP: 23/23 MP: 5/5
  1197 | D:2      | Gained mutation: You are weak. (Str -2) [hidden defects]
  1197 | D:2      | Lost mutation: You have hidden genetic defects. [hidden
                  | defects expressed]
  1465 | D:2      | 1465 ||| READING scroll of identify.
  1465 | D:2      | 1465 ||| IDENTIFYING bubbling dark potion
  1466 | D:2      | 1466 ||| READING scroll labelled BOYGHI KEENA.
  1466 | D:2      | 1466 ||| ENCHANTING +0 arbalest.
  1467 | D:2      | 1467 ||| DRINKING 2 yellow potions.
  1468 | D:2      | 1468 ||| DROPPING potion of magic.
  1469 | D:2      | 1469 ||| DROPPING potion of lignification.
  1503 | D:3      | Noticed a black bear
  1508 | D:3      | Killed a black bear
  1509 | D:3      | Reached skill level 6 in Ranged Weapons
  1509 | D:3      | Reached XP level 5. HP: 19/26 MP: 6/6
  1644 | D:3      | Found Jenorgh's Armour Shoppe.
  1647 | D:3      | 1647 ||| SHOPLISTING +2 hat (192 gold, have 59).
  2270 | D:3      | 2270 ||| READING scroll of identify.
  2270 | D:3      | 2270 ||| IDENTIFYING emerald potion
  2271 | D:3      | 2271 ||| READING 2 scrolls labelled UCOIST GOEMN.
  2272 | D:3      | 2272 ||| READING scroll labelled GOXEQA WAKENK.
  2273 | D:3      | 2273 ||| DROPPING scroll of blinking.
  2308 | D:4      | 2308 ||| PLANNING SEWER
  2353 | D:4      | Reached XP level 6. HP: 30/30 MP: 7/7
  2406 | D:4      | Reached skill level 7 in Ranged Weapons
  2436 | D:4      | 2436 ||| FLEEEEING.
  2437 | D:4      | 2437 ||| FLEEEEING.
  2494 | D:4      | Reached skill level 6 in Dodging
  2494 | D:4      | Reached XP level 7. HP: 21/35 MP: 8/8
  2746 | D:4      | Found a glowing drain.
  2747 | D:4      | 2747 ||| UPGRADING to amulet of the acrobat.
  2752 | D:4      | 2752 ||| DRINKING 2 orange potions.
  2760 | Sewer    | Entered a sewer
  3003 | Sewer    | Reached skill level 8 in Ranged Weapons
  3047 | Sewer    | Identified the +9 whip of the Dungeon {freeze, ^Contam
                  | Int+4}
  3066 | D:4      | 3066 ||| PLANNING D:1-11
  3592 | D:4      | 3592 ||| READING scroll of identify.
  3592 | D:4      | 3592 ||| IDENTIFYING blue potion
  3593 | D:4      | 3593 ||| READING scroll labelled KEUNOL JUODE.
  3594 | D:4      | 3594 ||| DROPPING potion of berserk rage.
  3606 | D:5      | Entered Level 5 of the Dungeon
  3610 | D:5      | Reached skill level 3 in Fighting
  3718 | D:5      | Reached XP level 8. HP: 36/40 MP: 9/9
  3788 | D:5      | Reached skill level 9 in Ranged Weapons
  3910 | D:5      | Found a glowing silver altar of Zin.
  4006 | D:5      | Found a sacrificial altar of Ru.
  4016 | D:5      | 4016 ||| READING scroll of identify.
  4016 | D:5      | 4016 ||| IDENTIFYING purple potion
  4017 | D:5      | 4017 ||| READING scroll labelled JIUN ROTUSEO.
  4018 | D:5      | 4018 ||| READING scroll labelled YCSIENNOVE.
  4019 | D:5      | 4019 ||| DROPPING potion of attraction.
  4116 | D:6      | Noticed Menkaure
  4119 | D:6      | HP: 9/40 [??? (6)]
  4120 | D:6      | 4120 ||| READING 4 scrolls of teleportation.
  4122 | D:6      | Killed Menkaure
  4123 | D:6      | Reached skill level 10 in Ranged Weapons
  4292 | D:6      | HP: 6/40 [ice beast (6)]
  4293 | D:6      | 4293 ||| READING 3 scrolls of teleportation.
  4294 | D:6      | Slain by an orc

Levels and vault maps discovered:
D:1:      dpeg_arrival_subterranean_lakeside_camping, layout_loops_corners
D:2:      layout_basic, serial_forest, infiniplex_forest_straight_4,
          infiniplex_forest_straight_1, infiniplex_forest_lined_4_way,
          infiniplex_forest_lined_ring, infiniplex_forest_lined_2
D:3:      layout_basic, serial_shops, nicolae_shop_tiny_real_fake_doors
D:4:      layout_loops_ring, serial_library,
          serial_library_regret_index_branch_corner,
          serial_library_hellmonk_long_bookcase,
          serial_library_hellmonk_double_dead_end,
          serial_library_hellmonk_u_bend, serial_library_hellmonk_hallway_b,
          serial_library_hellmonk_u_bend, serial_library_hellmonk_layered_room,
          lightli_sewer_entry_pipes, minmay_strange_pillars,
          grunt_decor_junction
D:5:      layout_rooms, zin_treasury, mainiacjoe_overflow_paths
D:6:      layout_basic, general_overflow_altar, uniq_eustachio, uniq_menkaure,
          uniq_sigmund, uniq_jeremiah

Skill      XL: |  1  2  3  4  5  6  7  8 |
---------------+-------------------------+-----
Dodging        | 3 4 5 6 7 8 |  8.9
Ranged Weapons | 5 6 7 8 10 | 10.0
Fighting       | 2 3 |  3.0
Stealth        | |  1.5

Action                     |  1- 3 |  4- 6 |  7- 9 || total
---------------------------+-------+-------+-------++-------
   Fire: Shortbow          |    29 |       |       ||    29
         Arbalest          |    52 |    93 |   229 ||   374
    Use: Scroll            |     3 |     5 |     7 ||    15
         Potion            |     2 |     1 |     1 ||     4
 Armour: Robe              |     9 |    17 |    50 ||    76
  Dodge: Dodged            |    27 |    32 |   155 ||   214

Table legend:
 A = Non-vault XP
 B = Vault XP
 C = Vault XP percentage of total XP
 D = Non-vault monster count
 E = Vault monster count
 F = Vault count percentage of total count
                 A         B        C        D         E       F
            +---------+---------+-------+---------+---------+-------
      Total |    2149 |     563 |  20.8 |     105 |      57 |  35.2
            +---------+---------+-------+---------+---------+-------
        D:1 |      35 |       8 |  18.6 |      21 |       6 |  22.2
        D:2 |      74 |       0 |   0.0 |      24 |       0 |   0.0
        D:3 |     215 |       0 |   0.0 |      17 |       0 |   0.0
        D:4 |     518 |      96 |  15.6 |      14 |       8 |  36.4
        D:5 |     999 |       0 |   0.0 |      24 |       0 |   0.0
        D:6 |     308 |     172 |  35.8 |       5 |       1 |  16.7
      Sewer |       0 |     287 | 100.0 |       0 |      42 | 100.0
            +---------+---------+-------+---------+---------+-------
